 Dungeon Crawl Stone Soup version 0.29-a0-1-gf2d273c862 (webtiles) character file.

Game seed: 8224960910187650882

88 Ijustatesigmund the Skirmisher (level 4, 0/30 HPs)
             Began as a Gargoyle Fighter on Jan 26, 2022.
             Slain by Pikel (1 damage)
             ... on level 3 of the Dungeon.
             The game lasted 00:04:17 (3714 turns).

Ijustatesigmund the Skirmisher (Gargoyle Fighter)   Turns: 3714, Time: 00:04:18

Health: 0/30       AC: 12    Str: 22    XL:     4   Next: 54%
Magic:  4/4        EV: 10    Int:  8    God:
Gold:   135        SH:  4    Dex:  9    Spells: 3/3 levels left

rFire   . . .      SeeInvis .   a - +0 flail
rCold   . . .      Faith    .   c - +0 buckler
rNeg    + . .      Spirit   .   b - +3 ring mail
rPois   ∞          Reflect  .   (no helmet)
rElec   +          Harm     .   (no cloak)
rCorr   .          Rampage  .   (no gloves)
Will    .....      Clarity  +   (no boots)
Stlth   +.........              (no amulet)
HPRegen 0.10/turn               (no ring)
MPRegen 0.09/turn               (no ring)

@: mighty, attractive, studying Translocations
A: sickness immunity, AC +3, negative energy resistance 1, electricity
resistance, torment resistance 1, petrification resistance, clarity, screaming
1, subdued magic 1, sturdy frame 1
a: no special abilities


You were on level 3 of the Dungeon.
You visited 1 branch of the dungeon, and saw 4 of its levels.

You collected 135 gold pieces.

Inventory:

Hand Weapons
 a - a +0 flail (weapon)
Missiles
 f - 2 throwing nets (quivered)
Armour
 b - a +3 ring mail (worn)
 c - a +0 buckler (worn)
Scrolls
 g - a scroll of teleportation
Potions
 e - a potion of heal wounds {unknown}
 h - a potion of attraction


   Skills:
 + Level 4.6 Fighting
 + Level 3.5 Maces & Flails
 - Level 3.2 Armour
 - Level 3.2 Shields


You had 3 spell levels left.
You didn't know any spells.
Your spell library was empty.

Dungeon Overview and Level Annotations

Branches:
Dungeon (4/15)
 Temple: D:4-7

Altars:
Makhleb
Xom

Annotations:
D:3 2 runed translucent doors, Pikel


Innate Abilities, Weirdness & Mutations

You are immune to sickness and miasma.
Your stone body is resilient. (AC +3)
You are immune to poison.
You resist negative energy. (rN+)
You are resistant to electric shocks. (rElec)
You are resistant to unholy torment.
You are immune to petrification.
You possess an exceptional clarity of mind.
You occasionally shout uncontrollably at your foes.
Your spells are a little easier to cast, but a little less powerful.
Your movements are slightly less encumbered by armour. (ER -2)


Message History

There is a stone staircase leading up here.
Pikel hits you but does no damage. The lemure hits you but does no damage.
You climb upwards.
Level annotation: 2 runed translucent doors
There is a stone staircase leading down here.
You feel very mighty all of a sudden. You block Pikel's attack.
The lemure hits you but does no damage.
You closely miss Pikel. You block Pikel's attack.
The lemure closely misses you. Pikel misses you.
You sock Pikel!
Pikel is heavily wounded.
The lemure closely misses you. Pikel hits you but does no damage.
You hit Pikel.
Pikel is heavily wounded.
The lemure hits you.
Pikel hits you with a +1 whip of flaming.
Pikel burns you. The lemure closely misses you.
You closely miss Pikel.
Pikel is heavily wounded.
Pikel barely misses you. The lemure hits you but does no damage.
You closely miss Pikel.
Pikel is heavily wounded.
Pikel hits you but does no damage. You block the lemure's attack.
Pikel says, "You'll feel the lick of my whip!"
Pikel hits you but does no damage.
You closely miss Pikel.
Pikel is heavily wounded.
The lemure hits you but does no damage. Pikel barely misses you.
You hit Pikel.
Pikel is severely wounded.
The lemure barely misses you.
Pikel hits you with a +1 whip of flaming!
* * * LOW HITPOINT WARNING * * *
Pikel burns you.
* * * LOW HITPOINT WARNING * * *
The lemure closely misses you.
It was a potion of attraction.
You feel attractive to monsters.
Pikel hits you with a +1 whip of flaming.
You die...

#.#..###...###..# #.#..# #....#
##### ##.#####.#..#### #....#
#.......#...... #....#
#.###.####.###. ##.### ##'###.#
#.# #. #####.### ##...##.####.#
#. #.......## ##.....#......###.
#.###.#..## ##.......######.##.
##.###.#...####.@5......####...#.
..............'.K†......'.......<
##.###.#...####.........####.....
#.# #.#..## ##.......## ##.#..
#.###.#.## ##.....## #.#.#
#.......# ##...## #.#.# #####.###
##+## #.#.# #.# #.# #.... #.#
#.###########.#


You could see Pikel and a lemure.

Vanquished Creatures
  A lemure (D:3)
  An adder (D:2)
  4 worms
  3 dart slugs
  An orc (D:3)
  7 ball pythons
  5 bats
  3 endoplasms
  4 giant cockroaches
  6 goblins
  4 hobgoblins
  2 jackals (D:1)
  A frilled lizard (D:2)
  8 kobolds
  8 rats
  A spectral hobgoblin (D:2)
59 creatures vanquished.

Notes
Turn   | Place    | Note
-------+----------+-------------------------------------------
     0 | D:1      | Ijustatesigmund the Gargoyle Fighter began the quest for
                  | the Orb.
     0 | D:1      | Reached XP level 1. HP: 14/14 MP: 1/1
   313 | D:1      | Reached XP level 2. HP: 19/19 MP: 2/2
   831 | D:1      | Reached XP level 3. HP: 24/24 MP: 3/3
   848 | D:1      | Reached skill level 4 in Fighting
  1216 | D:2      | Gained mutation: You occasionally shout uncontrollably at
                  | your foes. [potion of mutation]
  1216 | D:2      | Gained mutation: Your movements are slightly less
                  | encumbered by armour. (ER -2) [potion of mutation]
  1216 | D:2      | Gained mutation: Your spells are a little easier to cast,
                  | but a little less powerful. [potion of mutation]
  1216 | D:2      | Gained mutation: You possess an exceptional clarity of
                  | mind. [potion of mutation]
  1439 | D:2      | Reached XP level 4. HP: 27/30 MP: 4/4
  1722 | D:2      | Found a burning altar of Makhleb.
  1931 | D:2      | Found a faded altar of an unknown god.
  2395 | D:3      | Identified the +0 scale mail of Doassa {rC+}
  2653 | D:3      | Identified a scroll of acquirement
  2653 | D:3      | Acquired a manual of Translocations
  2791 | D:3      | Found a large runed translucent door.
  2792 | D:3      | Found a large runed translucent door.
  2795 | D:3      | Found a shimmering altar of Xom.
  3424 | D:4      | Noticed a lemure
  3424 | D:4      | Noticed a lemure
  3425 | D:4      | Noticed a lemure
  3425 | D:4      | Noticed Pikel
  3426 | D:4      | Noticed a lemure
  3447 | D:3      | Killed a lemure
  3713 | D:3      | HP: 1/30 [Pikel (4)]
  3714 | D:3      | Slain by Pikel

Illustrated notes

Levels and vault maps discovered:
D:1:      dpeg_arrival_rooms_c, layout_basic
D:2:      layout_loops_cross, dreamdust_ecumenical_altar_drowned_temple,
          basic_altar, minmay_tromino_v4_c
D:3:      due_chaos_kobolds, layout_loops_corners
D:4:      layout_gridville, lemuel_round_altar, mainiacjoe_overflow_paths,
          minmay_fractal_squares_diagonal_5, uniq_pikel

Skill      XL: |  1  2  3 |
---------------+----------+-----
Fighting       | 4 |  4.6
Maces & Flails | 3 |  3.5
Armour         | |  3.2
Shields        | |  3.2

Action                   |  1- 3 |  4- 6 || total
-------------------------+-------+-------++-------
Melee: Flail             |   116 |   104 ||   220
  Use: Scroll            |     1 |     3 ||     4
       Potion            |     1 |     2 ||     3
Armor: Scale mail        |    60 |       ||    60
       Chain mail        |    12 |    35 ||    47
       Ring mail         |       |    19 ||    19
Dodge: Dodged            |    58 |    54 ||   112
Block: Buckler           |    27 |    22 ||    49

Table legend: (Time is in decaauts)
 A = Elapsed time spent in this place.
 B = Non-inter-level travel time spent in this place.
 C = Inter-level travel time spent in this place.
 D = Time resting spent in this place.
 E = Time spent auto-exploring this place.
 F = Levels seen in this place.
 G = Mean time per level.
                   A        B        C        D        E       F      G
               +--------+--------+--------+--------+--------+-----+--------+
         Total |   3785 |   3730 |     55 |    815 |   2371 |   4 |  946.2 |
       Dungeon |   3785 |   3730 |     55 |    815 |   2371 |   4 |  946.2 |
               +--------+--------+--------+--------+--------+-----+--------+

Top non-repeatable levels by time:
     D:3: 1485 daAuts
     D:2: 1142 daAuts
     D:1: 1125 daAuts
     D:4: 32 daAuts
